 Dungeon Crawl Stone Soup version 0.17-a0-465-g279efb6 (webtiles) character file.

3858 Kisielow the Blocker (level 9, -4/81 HPs)
             Began as a Minotaur Fighter on Apr 6, 2015.
             Was an Elder of Okawaru.
             Slain by hornqvist's ghost (35 damage)
             ... on level 9 of the Dungeon.
             The game lasted 00:28:48 (7412 turns).

Kisielow the Blocker (Minotaur Fighter)             Turns: 7412, Time: 00:28:48

Health: -4/81      AC: 17    Str: 29    XL:     9   Next: 99%
Magic:  8/8        EV: 12    Int:  5    God:    Okawaru [****..]
Gold:   438        SH: 14    Dex: 15    Spells: 0 memorised, 8 levels left

rFire  + . .     SeeInvis .     y - +7 scimitar "Zacwiuty" {elec, rF+ Stlth+}
rCold  + . .     Clarity  .     w - +0 chain mail
rNeg   . . .     SustAb   .     c - +1 shield
rPois  .         Gourm    .     (helmet restricted)
rElec  .         Spirit   .     D - +0 cloak
rCorr  .         Warding  .     o - +0 pair of gloves
rMut   .         Stasis   .     C - +2 pair of boots {run}
MR     .....                    (no amulet)
Stlth  ..........               E - ring of invisibility
                                n - ring of protection from cold

@: mighty, agile, drained, quick, not resistant to hostile enchantments,
extremely unstealthy
A: retaliatory headbutt, horns 2, spit poison 1
a: Spit Poison, Heroism, Renounce Religion, Evoke Invisibility


You were on level 9 of the Dungeon.
You worshipped Okawaru.
Okawaru was greatly pleased with you.
You were not hungry.

You visited 2 branches of the dungeon, and saw 10 of its levels.
You also visited: Ossuary.

You collected 438 gold pieces.

Inventory:

Hand weapons
 a - a +1 long sword of flaming
 y - the +7 scimitar "Zacwiuty" (weapon) {elec, rF+ Stlth+}
   (You acquired it in an ossuary)

   Occasionally, upon striking a foe, it will discharge some electrical energy
   and cause terrible harm.
   It protects you from fire.
   It makes you more stealthy.
 F - a +2 shortbow of flaming
 Q - a +2 great sword
Missiles
 G - 29 arrows
Armour
 c - a +1 shield (worn)
 o - a +0 pair of gloves (worn)
 w - a +0 chain mail (worn)
 C - a +2 pair of boots of running (worn)
 D - a +0 cloak (worn)
Jewellery
 l - an uncursed ring of ice
 n - a ring of protection from cold (left hand)
 E - a ring of invisibility (right hand)
 K - an uncursed ring of fire
Magical devices
 p - a wand of fire (2)
 r - a wand of draining (7)
 B - a wand of enslavement (14)
 H - a wand of slowing (25)
 J - a wand of magic darts (33)
 P - a wand of confusion (33)
Scrolls
 h - 2 scrolls of teleportation
 i - a scroll of remove curse
 m - 2 scrolls of identify
 u - 3 scrolls of blinking
 x - a scroll of fear
 R - a scroll of magic mapping
Potions
 b - a potion of magic
 j - 6 potions of curing
 k - 2 potions of invisibility
 s - a potion of haste
 v - a potion of cure mutation
 A - 2 potions of heal wounds
 L - 2 potions of cancellation
 N - 2 potions of flight
Books
 I - a Fen Folio

   Spells                             Type                      Level
   a - Corpse Rot                     Necromancy                   2
   b - Stone Arrow                    Conjuration/Earth            3
   c - Leda's Liquefaction            Hexes/Earth                  4
   d - Summon Forest                  Summoning/Translocation      5
   e - Hydra Form                     Transmutation                6
   f - Summon Hydra                   Summoning                    7
Comestibles
 d - 6 bread rations
 f - 6 meat rations
 g - 2 royal jellies
 q - a beef jerky
 t - a slice of pizza
 z - a fruit


   Skills:
 * Level 7.9(7.7) Fighting
 * Level 9.2(8.9) Long Blades
 * Level 2.5(2.3) Bows
 * Level 9.2(8.9) Armour
 - Level 10.0(9.8) Shields


You had 8 spell levels left.
You didn't know any spells.

Dungeon Overview and Level Annotations

Branches:
Dungeon (9/15)             Temple (1/1) D:4            Lair (0/8) D:8
    Orc: D:9-12

Altars:
Ashenzari
Cheibriados
Dithmenos
Elyvilon
Fedhas
Gozag
Kikubaaqudgha
Makhleb
Nemelex Xobeh
Okawaru
Qazlal
Ru
Sif Muna
Trog
Vehumet
Xom
Yredelemnul
Zin
The Shining One

Annotations:
D:9 hornqvist's ghost, experienced OgBe


Innate Abilities, Weirdness & Mutations

You reflexively headbutt those who attack you in melee.
You have a pair of horns on your head.
You can spit weak poison.


Message History

Things that are here:
a spear of freezing; a robe
Items here: ! ) [[ 2 potions of poison; a robe; a dagger; a glowing robe Evoke which item? (* to show all) (? for menu, Esc to quit)
Okay, then.
Drink which item? (? for menu, Esc to quit)
You feel very mighty all of a sudden.
Drink which item? (? for menu, Esc to quit)
You feel agile all of a sudden. Hornqvist's ghost hits you!!
You completely miss hornqvist's ghost. Your headbutt misses hornqvist's ghost.
Hornqvist's ghost hits you!
You slice hornqvist's ghost!!
Hornqvist's ghost is moderately damaged.
Hornqvist's ghost hits you!
You closely miss hornqvist's ghost.
Hornqvist's ghost is moderately damaged.
Hornqvist's ghost hits you!!
You die...

....... ### #....... .......
.....# #........ .#.... ......#
#......... #...... .......#
#......... .#..............#
#......... #...............#
#.......... .#..............#
#..........
#...............####..........#
.#..............@W!)..........#
#..............#####..........#
.#####.........# #..........#
#.# #......<..# #..........#
.## #.........# #..........#
#.# #.........# #..........#
.## #.........# #..........# .#
#.........# #..........# .#
#.........# #..........#


You could see hornqvist's ghost.

Vanquished Creatures
  Prince Ribbit (D:9)
  A basilisk (D:8)
  Grum (D:8)
  A hippogriff (D:8)
  A hungry ghost (D:8)
  2 wolves (D:8)
  Edmund (D:5)
  A water moccasin (D:7)
  2 sky beasts
  2 black bears
  An ice beast (D:5)
  A phantom (D:5)
  A necrophage (D:7)
  A centaur (D:7)
  2 ogres (D:8)
  2 giant frogs (D:7)
  Blork the orc (D:5)
  2 elf zombies (Ossuary)
  2 scorpions
  3 wights (D:9)
  3 orc wizards
  2 centaur zombies (Ossuary)
  2 crimson imps
  A human zombie (Ossuary)
  A jelly (D:8)
  Crazy Yiuf (D:5)
  2 giant frog skeletons
  7 hounds
  2 orc priests
  3 worker ants
  3 iguanas
  A big kobold zombie (Ossuary)
  3 mummies
  11 gnolls
  10 adders
  2 shadow imps (D:6)
  A worm (D:3)
  4 adder zombies (Ossuary)
  5 giant geckos
  2 oozes (D:3)
  18 orcs
  A ball python (D:2)
  7 bats
  2 bat zombies
  6 giant cockroaches
  6 goblins
  10 hobgoblins
  8 jackals
  17 kobolds
  3 quokkas
  A giant gecko zombie (D:5)
  4 giant newts
  9 hobgoblin zombies (Ossuary)
  A jackal zombie (Ossuary)
  10 kobold zombies (Ossuary)
  6 orc zombies (Ossuary)
  15 rats
  A rat zombie (Ossuary)
220 creatures vanquished.

Notes
Turn   | Place    | Note
--------------------------------------------------------------
     0 | D:1      | Kisielow, the Minotaur Fighter, began the quest for the Orb.
     0 | D:1      | Reached XP level 1. HP: 19/19 MP: 0/0
   132 | D:1      | Reached XP level 2. HP: 27/27 MP: 1/1
   154 | D:1      | Reached skill level 4 in Fighting
   922 | D:2      | Reached XP level 3. HP: 31/33 MP: 2/2
  1112 | D:2      | Reached XP level 4. HP: 36/41 MP: 3/3
  1791 | D:3      | Reached XP level 5. HP: 42/47 MP: 4/4
  1832 | D:3      | Reached skill level 5 in Shields
  1857 | D:3      | Noticed a black bear
  1864 | D:3      | Killed a black bear
  1864 | D:3      | Reached skill level 5 in Fighting
  1864 | D:3      | Reached skill level 5 in Armour
  2728 | D:4      | Reached XP level 6. HP: 52/56 MP: 5/5
  2744 | D:4      | Found a snail-covered altar of Cheibriados.
  2744 | D:4      | Found an iron altar of Okawaru.
  2745 | D:4      | Found an ancient bone altar of Kikubaaqudgha.
  2747 | D:4      | Found a sparkling altar of Nemelex Xobeh.
  2748 | D:4      | Found a basalt altar of Yredelemnul.
  2794 | D:4      | Became a worshipper of Warmaster Okawaru
  2854 | D:4      | Found a staircase to the Ecumenical Temple.
  2867 | Temple   | Entered the Ecumenical Temple
  3032 | D:4      | Reached skill level 6 in Shields
  3408 | D:5      | Entered Level 5 of the Dungeon
  3543 | D:5      | Reached XP level 7. HP: 43/61 MP: 6/6
  3585 | D:5      | Noticed Blork the orc
  3597 | D:5      | Killed Blork the orc
  3746 | D:5      | Noticed Crazy Yiuf
  3750 | D:5      | Killed Crazy Yiuf
  3798 | D:5      | Reached skill level 7 in Shields
  3817 | D:5      | Acquired Okawaru's first power
  3894 | D:5      | Noticed Edmund
  3922 | D:5      | Killed Edmund
  3922 | D:5      | Reached skill level 5 in Long Blades
  4059 | D:5      | Found a burning altar of Makhleb.
  4284 | D:6      | Reached skill level 8 in Shields
  4284 | D:6      | Reached XP level 8. HP: 57/70 MP: 7/7
  4508 | D:6      | Identified a +0 pair of boots of running (You found it on level 6 of the Dungeon)
  5121 | D:7      | Reached skill level 9 in Shields
  5136 | D:7      | Found a snail-covered altar of Cheibriados.
  5850 | D:7      | Found a bloodstained altar of Trog.
  5869 | D:7      | Reached XP level 9. HP: 53/78 MP: 8/8
  6213 | D:8      | Noticed Grum
  6266 | D:8      | Reached skill level 10 in Shields
  6282 | D:8      | Found a sand-covered staircase.
  6291 | Ossuary  | Entered an ossuary
  6530 | Ossuary  | Identified a scroll of acquirement
  6533 | Ossuary  | Got a warped scimitar
  6534 | Ossuary  | Identified the +7 scimitar "Zacwiuty" {elec, rF+ Stlth+} (You acquired it in an ossuary)
  6612 | D:8      | Reached skill level 1 in Bows
  6720 | D:8      | Gained mutation: You can spit weak poison. [mutagenic meat]
  6766 | D:8      | Killed Grum
  6866 | D:8      | Found a staircase to the Lair.
  7303 | D:9      | Noticed Prince Ribbit
  7325 | D:9      | Killed Prince Ribbit
  7394 | D:9      | Noticed hornqvist's ghost (experienced OgBe)
  7412 | D:9      | Slain by hornqvist's ghost

Action                   |  1- 3 |  4- 6 |  7- 9 || total
-------------------------+-------+-------+-------++-------
Melee: Long sword        |   103 |   182 |   397 ||   682
       Scimitar          |       |       |    82 ||    82
 Abil: Evoke Invisibilit |       |       |     1 ||     1
  Use: Scroll            |       |     9 |    20 ||    29
       Potion            |       |       |     2 ||     2
 Stab: Invisible         |       |       |     2 ||     2
  Eat: Chunk             |     1 |     8 |    15 ||    24
